 Dungeon Crawl Stone Soup version 0.28.0-1-gb440e238dd (webtiles) character file.

Game seed: 11546094897922535937

1240 Ablot the Grasshopper (level 8, -2/62 (64) HPs)
             Began as a Gnoll Warper on Feb 22, 2022.
             Was a Follower of Cheibriados.
             Slain by a wight (11 damage)
             ... on level 6 of the Dungeon.
             The game lasted 00:10:22 (5856 turns).

Ablot the Grasshopper (Gnoll Warper)                Turns: 5856, Time: 00:10:22

HP:   -2/62 (64)    AC:  6    Str: 15    XL:     8   Next: 49%
MP:   17/17         EV: 17    Int: 22    God:    Cheibriados [*.....]
Gold: 181           SH:  0    Dex: 15    Spells: 16/19 levels left

rFire   . . .      SeeInvis .   a - +2 spear (venom)
rCold   + . .      Faith    .   (no shield)
rNeg    . . .      Spirit   .   g - +1 ring mail {rC+}
rPois   .          Reflect  .   (no helmet)
rElec   .          Harm     .   (no cloak)
rCorr   .          Rampage  .   (no gloves)
Will    .....                   (no boots)
Stlth   ++........              (no amulet)
HPRegen 0.20/turn               k - +4 ring of evasion
MPRegen 0.15/turn               l - +6 ring of intelligence

@: lightly drained, very slow
A: fangs 1, strong nose, distributed training
a: Renounce Religion, Bend Time


You were on level 6 of the Dungeon.
You worshipped Cheibriados.
Cheibriados was aware of your devotion.
You visited 1 branch of the dungeon, and saw 6 of its levels.

You collected 259 gold pieces.
You spent 78 gold pieces at shops.

Inventory:

Hand Weapons
 a - a +2 spear of venom (weapon)
Missiles
 b - 110 stones (quivered)
 d - 5 boomerangs of dispersal
 f - 151 arrows
 o - 13 bolts
 q - 28 sling bullets
 x - 2 poisoned darts
Armour
 g - a +1 ring mail of cold resistance (worn)
Jewellery
 k - a +4 ring of evasion (left hand)
 l - a +6 ring of intelligence (right hand)
 p - a ring of positive energy
 t - a ring of flight
Scrolls
 c - 2 scrolls of blinking
 e - 12 scrolls of identify
 j - 2 scrolls of amnesia {unknown}
 r - 2 scrolls of fear
 s - 2 scrolls of teleportation {unknown}
 v - a scroll of vulnerability {unknown}
Potions
 h - 2 potions of magic
 i - a potion of brilliance {unknown}
 m - a potion of curing {unknown}
 n - a potion of invisibility {unknown}
 u - a potion of flight {unknown}
 w - a potion of cancellation {unknown}


   Skills:
 + Level 5.7 Fighting
 + Level 3.3 Short Blades
 + Level 3.3 Long Blades
 + Level 3.3 Axes
 + Level 3.3 Maces & Flails
 + Level 5.7 Polearms
 + Level 3.3 Staves
 + Level 3.3 Slings
 + Level 3.3 Bows
 + Level 3.3 Crossbows
 + Level 4.2 Throwing
 + Level 4.2 Armour
 + Level 5.7 Dodging
 + Level 3.3 Stealth
 + Level 3.3 Shields
 + Level 3.3 Unarmed Combat
 + Level 6.0 Spellcasting
 + Level 2.7 Conjurations
 + Level 2.7 Hexes
 + Level 2.7 Summonings
 + Level 2.7 Necromancy
 + Level 6.1 Translocations
 + Level 2.7 Transmutations
 + Level 2.7 Fire Magic
 + Level 2.7 Ice Magic
 + Level 2.7 Air Magic
 + Level 2.7 Earth Magic
 + Level 2.7 Poison Magic
 + Level 3.6 Invocations
 + Level 3.3 Evocations


You had 16 spell levels left.
You knew the following spells:

 Your Spells              Type           Power      Damage    Failure   Level
a - Blink                 Tloc           66%        N/A       1%          2
b - Slow                  Hex            72%        N/A       5%          1

Your spell library contained the following spells:

 Spells                   Type           Power      Damage    Failure   Level
 Gell's Gravitas          Tloc           33%        N/A       4%          3
 Lesser Beckoning         Tloc           33%        N/A       4%          3
 Teleport Other           Tloc           33%        N/A       4%          3
 Foxfire                  Conj/Fire      72%        2x1d7     5%          1
 Passage of Golubria      Tloc           33%        N/A       13%         4
 Confusing Touch          Hex            18%        N/A       17%         3
 Conjure Flame            Conj/Fire      18%        6-21      17%         3
 Inner Flame              Hex/Fire       18%        N/A       17%         3
 Tukima's Dance           Hex            18%        N/A       17%         3
 Vampiric Draining        Necr           18%        2d7       17%         3
 Manifold Assault         Tloc           33%        N/A       36%         5
 Flame Wave               Conj/Fire      18%        2d6       50%         4
 Yara's Violent Unravell  Hex/Tmut       9%         3d6       83%         5


Dungeon Overview and Level Annotations

Branches:
Dungeon (6/15)             Temple (0/1) D:4

Altars:
Cheibriados
Yredelemnul

Shops:
D:1 !   D:2 [(   D:4 ?


Innate Abilities, Weirdness & Mutations

You have very sharp teeth.
Your uncanny sense of smell can sniff out nearby items.
Your experience applies equally to all skills.


Message History

The wight is almost destroyed.
The wight hits you with a +3 falchion!
You feel drained.
You closely miss the wight.
The wight is almost destroyed.
You completely miss the wight.
The wight is almost destroyed.
The wight hits you with a +3 falchion.
* * * LOW HITPOINT WARNING * * *
Unknown command.
You hit the wight. You bite the wight, but do no damage.
The wight is almost destroyed.
Unknown command.
You barely miss the wight.
The wight is almost destroyed.
The wight hits you with a +3 falchion.
* * * LOW HITPOINT WARNING * * *
You feel drained.
You hit the wight.
You destroy the wight!
Unknown command.
You hit the wight but do no damage. The wight misses you.
You hit the wight. You bite the wight.
The wight is moderately damaged.
The wight closely misses you.
You hit the wight.
The wight is moderately damaged.
You hit the wight.
The wight is severely damaged.
The wight hits you with a +2 hand axe!
* * * LOW HITPOINT WARNING * * *
A wight comes into view. It is wielding a +3 long sword.
Unknown command.
You puncture the wight!
You destroy the wight!
Cheibriados appreciates the change of pace.
Unknown command.
There is an open door here.
There is a stone staircase leading up here.
The wight hits you with a +3 long sword!
You die...

#...... +...... #......
######### #...<..
........# #......
#.#####.#############
#.....? #.#
#.............# #......
#.# #######.......#
....###+ #.# #...@...#
..... #.# #...z...#
...... #.# #####'###
...... #.# ##.....#
#.####### #....#.#
#.......# #....#.#
#######.# ######.#
#....##.#######.z...#
#.##.##.......#.#####..


You could see a wight.

Vanquished Creatures
  2 ice beasts
  A black bear (D:5)
  An ogre (D:5)
  2 centaurs (D:5)
  A water moccasin zombie (D:6)
  3 wights (D:6)
  3 bullfrog zombies (D:5)
  2 hounds
  A jelly (D:5)
  2 orc priests (D:3)
  Terence (D:2)
  An iguana (D:4)
  4 gnolls
  9 adders
  A white imp (D:4)
  An ufetubus (D:5)
  An adder skeleton (D:4)
  7 worms
  A dart slug (D:2)
  8 orcs
  5 ball pythons
  7 endoplasms
  2 giant cockroaches
  8 goblins
  5 hobgoblins
  7 jackals
  13 kobolds
  4 quokkas
  7 bats
  4 frilled lizards
  5 rats
119 creatures vanquished.

Vanquished Creatures (others)
  12 plants (D:2)
12 creatures vanquished.

Grand Total: 131 creatures vanquished

Notes
Turn   | Place    | Note
-------+----------+-------------------------------------------
     0 | D:1      | Ablot the Gnoll Warper began the quest for the Orb.
     0 | D:1      | Reached XP level 1. HP: 20/20 MP: 6/6
    93 | D:1      | Reached XP level 2. HP: 22/26 MP: 7/7
    99 | D:1      | Learned a level 2 spell: Blink
   304 | D:1      | Found Byashapp's Distillery.
   563 | D:1      | Reached XP level 3. HP: 31/31 MP: 9/9
   632 | D:1      | Reached skill level 5 in Spellcasting
  1051 | D:2      | Found Jiyveips's Weapon Emporium.
  1077 | D:2      | Reached skill level 1 in Invocations
  1270 | D:2      | Reached skill level 1 in Short Blades
  1270 | D:2      | Reached skill level 1 in Long Blades
  1270 | D:2      | Reached skill level 1 in Axes
  1270 | D:2      | Reached skill level 1 in Maces & Flails
  1270 | D:2      | Reached skill level 1 in Staves
  1270 | D:2      | Reached skill level 1 in Slings
  1270 | D:2      | Reached skill level 1 in Bows
  1270 | D:2      | Reached skill level 1 in Crossbows
  1270 | D:2      | Reached skill level 1 in Stealth
  1270 | D:2      | Reached skill level 1 in Shields
  1270 | D:2      | Reached skill level 1 in Unarmed Combat
  1270 | D:2      | Reached skill level 1 in Evocations
  1336 | D:2      | Reached XP level 4. HP: 38/38 MP: 11/11
  1698 | D:2      | Reached skill level 1 in Conjurations
  1698 | D:2      | Reached skill level 1 in Hexes
  1698 | D:2      | Reached skill level 1 in Summonings
  1698 | D:2      | Reached skill level 1 in Necromancy
  1698 | D:2      | Reached skill level 1 in Transmutations
  1698 | D:2      | Reached skill level 1 in Fire Magic
  1698 | D:2      | Reached skill level 1 in Ice Magic
  1698 | D:2      | Reached skill level 1 in Air Magic
  1698 | D:2      | Reached skill level 1 in Earth Magic
  1698 | D:2      | Reached skill level 1 in Poison Magic
  1809 | D:2      | Found Pianousit's Antique Armour Shoppe.
  1911 | D:2      | Noticed Terence
  1932 | D:2      | Killed Terence
  1933 | D:2      | Reached XP level 5. HP: 10/43 MP: 12/12
  2451 | D:2      | Found a faded altar of an unknown god.
  3268 | D:3      | Reached XP level 6. HP: 46/50 MP: 13/13
  3534 | D:3      | Learned a level 1 spell: Slow
  3599 | D:3      | Found a snail-covered altar of Cheibriados.
  3634 | D:3      | Reached skill level 5 in Fighting
  3634 | D:3      | Reached skill level 5 in Polearms
  3634 | D:3      | Reached skill level 5 in Dodging
  3640 | D:3      | Found a basalt altar of Yredelemnul.
  3674 | D:3      | Became a worshipper of Cheibriados the Contemplative
  3761 | D:4      | Found Etwaixiq's Magic Scroll Emporium.
  3769 | D:4      | Bought a scroll of noise for 12 gold pieces
  3769 | D:4      | Bought a scroll of identify for 24 gold pieces
  3769 | D:4      | Bought a scroll of fear for 42 gold pieces
  4168 | D:4      | Found a staircase to the Ecumenical Temple.
  4220 | D:4      | Reached * piety under Cheibriados
  4516 | D:5      | Entered Level 5 of the Dungeon
  4567 | D:5      | Noticed an ice beast
  4726 | D:5      | Noticed a black bear
  4739 | D:5      | Killed a black bear
  4740 | D:5      | Reached XP level 7. HP: 30/56 MP: 15/15
  5107 | D:5      | Reached XP level 8. HP: 28/63 MP: 16/16
  5856 | D:6      | Slain by a wight

Illustrated notes

Levels and vault maps discovered:
D:1:      eino_arrival_druids_welcome, layout_basic, serial_shops,
          nicolae_shop_crystal
D:2:      layout_loops_ring, dilly_ecumenical_altar_fadedgnrine, serial_shops,
          nicolae_shop_bloodbath_and_beyond, shop_statue, uniq_terence
D:3:      layout_loops_ring, mainiacjoe_overflow_two_lobes
D:4:      layout_loops_ring, minmay_temple_entry_statues_pillars, serial_shops,
          shop, chequers_arboretum
D:5:      layout_rooms, grunt_ministairs_9, st_stairs_12
D:6:      layout_gridville, gammafunk_temple_overflow_elements,
          serial_co_window_serial, co_window_corner_a, co_window_paths_a,
          co_window_paths_b, co_window_of_opportunity_a, co_window_paths_b,
          co_window_corner_a, co_window_paths_a, co_window_corner_b,
          co_window_cross_2, co_window_paths_c, co_window_broadway_b,
          co_window_4corner_b, glass_columns_a, glass_columns_b, glass_columns_b

Skill      XL: |  1  2  3  4  5  6  7  8 |
---------------+-------------------------+-----
Spellcasting   | 5 6 |  6.0
Invocations    | 1 2 3 |  3.6
Short Blades   | 1 2 3 |  3.3
Long Blades    | 1 2 3 |  3.3
Axes           | 1 2 3 |  3.3
Maces & Flails | 1 2 3 |  3.3
Staves         | 1 2 3 |  3.3
Slings         | 1 2 3 |  3.3
Bows           | 1 2 3 |  3.3
Crossbows      | 1 2 3 |  3.3
Stealth        | 1 2 3 |  3.3
Shields        | 1 2 3 |  3.3
Unarmed Combat | 1 2 3 |  3.3
Evocations     | 1 2 3 |  3.3
Conjurations   | 1 2 |  2.7
Hexes          | 1 2 |  2.7
Summonings     | 1 2 |  2.7
Necromancy     | 1 2 |  2.7
Transmutations | 1 2 |  2.7
Fire Magic     | 1 2 |  2.7
Ice Magic      | 1 2 |  2.7
Air Magic      | 1 2 |  2.7
Earth Magic    | 1 2 |  2.7
Poison Magic   | 1 2 |  2.7
Throwing       | 3 4 |  4.2
Armour         | 3 4 |  4.2
Fighting       | 5 |  5.7
Polearms       | 5 |  5.7
Dodging        | 5 |  5.7
Translocations | 6 |  6.1

Action                   |  1- 3 |  4- 6 |  7- 9 || total
-------------------------+-------+-------+-------++-------
Melee: Spear             |   191 |   358 |   118 ||   667
       Punch             |     1 |     8 |     5 ||    14
       Bite              |    12 |    39 |    17 ||    68
Throw: Stone             |       |     3 |       ||     3
Invok: Bend Time         |       |       |     1 ||     1
  Use: Scroll            |       |     1 |       ||     1
 Stab: Sleeping          |       |     5 |       ||     5
Armor: Leather armour    |    10 |       |       ||    10
       Ring mail         |    26 |    50 |    29 ||   105
Dodge: Dodged            |    86 |   180 |    73 ||   339
